 Dungeon Crawl Stone Soup version 0.32-a0-685-g93135e86f0 (webtiles) character file.

Game seed: 10212307252158212411

29871 adelrune the Skirmisher (level 13, 0/94 HPs)
             Began as a Coglin Hunter on Mar 11, 2024.
             Was a High Priest of Okawaru.
             Slain by a wyvern (12 damage)
             ... on level 4 of the Lair of Beasts on Mar 12, 2024.
             The game lasted 00:39:54 (13432 turns).

adelrune the Skirmisher (Coglin Hunter)            Turns: 13432, Time: 00:39:54

Health: 0/94       AC:  3    Str:  8    XL:     13   Next: 48%
Magic:  17/19      EV: 17    Int: 11    God:    Okawaru [*****.]
Gold:   564        SH:  0    Dex: 22    Spells: 10/12 levels left

rFire   . . .        a - +3 sling (elec) {Kamaljyot}
rCold   . . .        f - +1 sling (freeze) {Enrique}
rNeg    . . .        H - +0 ring mail of the Equator {Str-5 Slay+5}
rPois   .            G - +0 helmet {Int+3}
rElec   .            k - +0 cloak
rCorr   .            (no gloves)
SInv    .            F - +0 pair of boots
Will    .....        (amulet unavailable)
Stlth   +++          (ring unavailable)
HPRegen 0.35/turn    (ring unavailable)
MPRegen 0.16/turn    (no gizmo)

%: no passive effects
@: heroic, corroded, invisible, revving
A: off-hand wielding, slow wielding, warmup strikes, no jewellery
a: Invent Gizmo, Renounce Religion, Heroism, Finesse, Duel


You were on level 4 of the Lair of Beasts.
You worshipped Okawaru.
Okawaru was extremely pleased with you.
You visited 3 branches of the dungeon, and saw 14 of its levels.
You also visited: Sewer.

You collected 564 gold pieces.

Inventory:

Hand Weapons
 a - a +3 sling of electrocution (weapon) {Kamaljyot}
 f - a +1 sling of freezing (offhand) {Enrique}
Armour
 c - a +0 leather armour
 k - a +0 cloak (worn)
 m - a +2 ring mail of willpower
 r - a +1 robe of cold resistance
 F - a +0 pair of boots (worn)
 G - a +0 helmet of intelligence (worn)
 H - the +0 ring mail of the Equator (worn) {Str-5 Slay+5}
   (You found it on level 4 of the Lair of Beasts)

   Str-5:     It affects your strength (-5).
   Slay+5:    It affects your accuracy & damage with ranged weapons and melee
   (+5).
 J - a +3 leather armour of cold resistance
 M - the +6 chain mail of Pantheism {Rampage Regen+ MP+9 Stlth+}
   (You found it on level 7 of the Dungeon)

   MP+9:      It affects your magic capacity (+9).
   Regen+:    It increases your rate of health regeneration.
   Rampage:   It bestows one free step when moving towards enemies.
   Stlth+:    It makes you more stealthy.
Wands
 s - a wand of polymorph (10)
 y - a wand of paralysis (4)
 B - a wand of mindburst (6)
 L - a wand of warping (13)
 N - a wand of flame (5)
 O - a wand of digging (3)
Scrolls
 b - a scroll of butterflies
 d - a scroll of brand weapon
 e - a scroll of teleportation
 l - a scroll of blinking
 o - 3 scrolls of enchant armour
 w - 2 scrolls of poison
 C - a scroll of torment
 E - 3 scrolls of fog
 K - a scroll of vulnerability
Potions
 h - a potion of invisibility
 i - a potion of lignification {unknown}
 j - a potion of curing
 n - 2 potions of attraction
 p - 2 potions of degeneration
 q - 2 potions of ambrosia
 t - 2 potions of berserk rage
 u - 2 potions of enlightenment
 v - 2 potions of brilliance
 x - a potion of might {unknown}
 z - a potion of magic {unknown}
 A - 2 potions of mutation
 D - a potion of heal wounds
Miscellaneous
 I - a lightning rod (1/4)


   Skills:
 + Level 6.4(11.4) Fighting
 + Level 14.7(19.7) Ranged Weapons
 + Level 5.2(10.2) Armour
 + Level 5.8(10.8) Dodging
 - Level 0.7(5.7) Stealth
 - Level 6.0 Translocations
 - Level 8.0 Invocations
 - Level 8.0 Evocations


You had 10 spell levels left.
You knew the following spells:

 Your Spells              Type           Power      Damage    Failure   Level
a - Blink                 Tloc           26%        N/A       11%         2

Your spell library contained the following spells:

 Spells                   Type           Power      Damage    Failure   Level
 Lesser Beckoning         Tloc           26%        N/A       11%         2
 Gell's Gravitas          Tloc           13%        N/A       22%         3
 Teleport Other           Tloc           13%        N/A       22%         3
 Volatile Blastmotes      Fire/Tloc      12%        2d11      58%         3
 Manifold Assault         Tloc           13%        N/A       58%         4
 Passage of Golubria      Tloc           13%        N/A       58%         4
 Magic Dart               Conj           0%         1d3       65%         1
 Slow                     Hex            0%         N/A       65%         1
 Mercury Vapours          Alch/Air       0%         N/A       78%         2
 Searing Ray              Conj           0%         2d4       78%         2
 Iskenderun's Mystic Bla  Conj/Tloc      6%         2d4       94%         4
 Confusing Touch          Hex            0%         N/A       95%         3
 Fugue of the Fallen      Necr           0%         N/A       95%         3
 Hailstorm                Conj/Ice       0%         3d5       95%         3
 Mephitic Cloud           Conj/Alch/Air  0%         N/A       95%         3
 Ozocubu's Armour         Ice            0%         N/A       95%         3
 Sigil of Binding         Hex            0%         N/A       95%         3
 Vampiric Draining        Necr           0%         2d6       95%         3
 Cause Fear               Hex            0%         N/A       100%        4
 Fulminant Prism          Conj/Alch      0%         3d5       100%        4
 Alistair's Intoxication  Alch           0%         N/A       100%        5
 Borgnjor's Vile Clutch   Necr/Erth      0%         N/A       100%        5
 Fireball                 Conj/Fire      0%         3d3       100%        5
 Freezing Cloud           Conj/Ice/Air   0%         6-21      100%        5
 Metabolic Englaciation   Hex/Ice        0%         N/A       100%        5
 Silence                  Hex/Air        0%         N/A       100%        5
 Eringya's Noxious Bog    Alch           0%         4d6       100%        6
 Lehudib's Crystal Spear  Conj/Erth      0%         10d2      100%        8
 Chain Lightning          Conj/Air       0%         N/A       100%        9
 Fire Storm               Conj/Fire      0%         5d1       100%        9
 Shatter                  Erth           0%         3d5*      100%        9
 Call Imp                 Summ           Unusable   N/A       N/A         2
 Summon Ice Beast         Ice/Summ       Unusable   N/A       N/A         3
 Sculpt Simulacrum        Ice/Alch       Unusable   N/A       N/A         6
 Dragon's Call            Summ           Unusable   N/A       N/A         9

Dungeon Overview and Level Annotations

Branches:
Dungeon (8/15)             Temple (1/1) D:7            Lair (5/5) D:8
  Swamp (0/4) Lair:2       Spider (0/4) Lair:2        Slime (0/5) Lair:4
  Sewer (visited)

Altars:
Ashenzari
Cheibriados
Dithmenos
Fedhas
Gozag
Kikubaaqudgha
Makhleb
Nemelex Xobeh
Okawaru
Qazlal
Ru
Sif Muna
Trog
Vehumet
Wu Jian
Xom
Yredelemnul
Zin
The Shining One
Jiyva

Shops:
D:2 [   D:5 (

Annotations:
D:2 1 runed translucent door, Crazy Yiuf
D:8 exclusion: skeletal warrior


Innate Abilities, Weirdness & Mutations

You can wield a second weapon in your off-hand.
It takes a long time for you to wield or remove held weapons.
Your first few attacks do less damage.
You cannot equip rings or amulets.


Message History

The blink frog blinks!
Blink to where?
Press: ? - help, Dir - move target, p - cane toad
As you read the scroll of blinking, it crumbles to dust.
A wyvern comes into view.
You fade into invisibility!
The wyvern barely misses you. The wyvern barely misses you.
There is a stone staircase leading up, spattered with blood here.
The wyvern bites you!
* * * LOW HITPOINT WARNING * * *
You climb upwards.
There is a stone staircase leading down, spattered with blood here.
You see here a silver javelin.
You feel much better. The wyvern closely misses you. The wyvern misses you.
Okay, then.
You gain the combat prowess of a mighty hero.
The wyvern bites you!
* * * LOW HITPOINT WARNING * * *
You shoot a sling bullet.
The sling bullet hits the wyvern but does no damage.
You shoot a sling bullet. The sling bullet hits the wyvern.
The wyvern is moderately wounded.
The wyvern bites you!
* * * LOW HITPOINT WARNING * * *
You shoot a sling bullet. The sling bullet hits the wyvern.
The sling bullet freezes the wyvern.
The wyvern is heavily wounded.
You shoot a sling bullet.
The sling bullet hits the wyvern but does no damage.
The wyvern is heavily wounded.
The wyvern barely misses you. The wyvern bites you.
* * * LOW HITPOINT WARNING * * *
You shoot a sling bullet.
The sling bullet hits the wyvern but does no damage.
The wyvern is heavily wounded.
You shoot a sling bullet. The sling bullet hits the wyvern.
The wyvern is severely wounded.
The wyvern bites you!
You die...

#####. #...##...........##
##..#..###..###.......#....#
#...........###.......#...##
#...........#........#.....#
#................P..........
#...........................
#...........................
#.........k........<........
#..........@................
#...........................
#...........................
#.........................#.
#............#...........##.
###.#...#...###..........##.
.#######...###.........###
#.#..# ##.........## ###..#
#..........#


You could see a wyvern (unable to see you).

Vanquished Creatures
  7 hydras
  A boulder beetle (Lair:4)
  Urug (Lair:3)
  2 skysharks (Lair:4)
  Amaemon (Lair:3)
  A lindwurm (Lair:3)
  3 oklob plants (Lair:4)
  6 elephants
  2 black mambas
  2 rime drakes
  An orange demon (Lair:3)
  12 cane toads
  7 komodo dragons
  Grinder (D:3)
  15 blink frogs
  A jumping spider (Lair:4)
  Sigmund (D:2)
  3 wyverns
  Eustachio (D:6)
  21 yaks
  4 basilisks
  3 redbacks (Lair:2)
  A steam dragon (D:7)
  6 water moccasins
  2 ice beasts
  2 black bears
  4 boggarts (Lair:3)
  2 centaurs
  14 wolves
  3 scorpions
  11 bullfrogs
  6 wights
  An electric eel (Lair:5)
  2 howler monkeys
  A gnoll bouda (D:6)
  A hound (D:5)
  A bombardier beetle (D:6)
  2 jellies
  An orc priest (D:3)
  2 iguanas (D:4)
  A sleepcap (D:7)
  2 orc wizards (D:8)
  4 hell rats (Lair:4)
  13 gnolls
  18 adders
  3 shadow imps
  11 dart slugs
  A ribbon worm (D:3)
  16 orcs
  7 ball pythons
  3 endoplasms (D:1)
  13 giant cockroaches
  7 hobgoblins
  8 jackals (D:1)
  4 bats
  12 frilled lizards
  10 goblins
  3 kobolds
  6 rats
300 creatures vanquished.

Notes
Turn   | Place    | Note
-------+----------+-------------------------------------------
     0 | D:1      | adelrune the Coglin Hunter began the quest for the Orb.
     0 | D:1      | Reached XP level 1. HP: 16/16 MP: 1/1
    90 | D:1      | Reached XP level 2. HP: 22/22 MP: 2/2
   295 | D:1      | Reached skill level 4 in Ranged Weapons
   392 | D:1      | Reached XP level 3. HP: 28/28 MP: 3/3
   827 | D:2      | Found Gall's Armour Boutique.
   855 | D:2      | Reached XP level 4. HP: 34/34 MP: 4/4
   900 | D:2      | Noticed Sigmund
   973 | D:2      | Reached skill level 5 in Ranged Weapons
  1027 | D:2      | Found a runed translucent door.
  1028 | D:2      | Noticed Crazy Yiuf
  1246 | D:2      | Reached XP level 5. HP: 39/39 MP: 5/5
  1260 | D:2      | Killed Sigmund
  1261 | D:2      | Reached skill level 6 in Ranged Weapons
  1261 | D:2      | Reached XP level 6. HP: 46/46 MP: 6/6
  1573 | D:3      | Noticed Grinder
  1582 | D:3      | Paralysed by Grinder for 5 turns
  1588 | D:3      | Paralysed by Grinder for 4 turns
  1595 | D:3      | Killed Grinder
  1596 | D:3      | Reached skill level 7 in Ranged Weapons
  1596 | D:3      | Reached XP level 7. HP: 25/51 MP: 7/7
  2331 | D:4      | Reached skill level 8 in Ranged Weapons
  2331 | D:4      | Reached skill level 1 in Evocations
  2778 | D:5      | Entered Level 5 of the Dungeon
  2828 | D:5      | Found Homaokh's Weapon Boutique.
  2913 | D:5      | Reached XP level 8. HP: 57/57 MP: 8/8
  3291 | D:5      | Found a basalt altar of Yredelemnul.
  3293 | D:5      | Noticed a profane servitor
  3300 | D:5      | Found a glowing golden altar of the Shining One.
  3302 | D:5      | Noticed an angel
  3412 | D:5      | Found an ancient bone altar of Kikubaaqudgha.
  3604 | D:6      | Found a glowing drain.
  3651 | Sewer    | Entered a sewer
  3778 | Sewer    | Reached skill level 9 in Ranged Weapons
  4173 | D:6      | Noticed Eustachio
  4188 | D:6      | Killed Eustachio
  4189 | D:6      | Reached skill level 10 in Ranged Weapons
  4189 | D:6      | Reached skill level 5 in Evocations
  4189 | D:6      | Reached XP level 9. HP: 43/62 MP: 9/9
  4338 | D:6      | Found a stormy altar of Qazlal.
  4478 | D:6      | Learned a level 2 spell: Blink
  4615 | D:7      | Found a staircase to the Ecumenical Temple.
  4622 | Temple   | Entered the Ecumenical Temple
  4687 | D:7      | Reached skill level 1 in Translocations
  4909 | D:7      | Identified the +6 chain mail of Pantheism {Rampage Regen+
                  | MP+9 Stlth+}
  5013 | D:7      | Found an ornate altar of the Wu Jian Council.
  5030 | D:7      | Found a bloodstained altar of Trog.
  5037 | D:7      | Found a shimmering blue altar of Sif Muna.
  5124 | D:7      | Found a broken altar of Ashenzari.
  5125 | D:7      | Found a sacrificial altar of Ru.
  5609 | D:8      | Noticed a skeletal warrior
  5682 | Temple   | Became a worshipper of Warmaster Okawaru
  5960 | D:8      | Found a staircase to the Lair.
  6208 | D:8      | Reached skill level 11 in Ranged Weapons
  6385 | D:8      | Identified the +9 short sword "Roijeh" {protect, Will+
                  | Str+3}
  6689 | Lair:1   | Entered Level 1 of the Lair of Beasts
  6689 | Lair:1   | Noticed a cane toad
  6689 | Lair:1   | Noticed a cane toad
  6690 | Lair:1   | Upgraded the game from 0.32-a0-675-gdc239d62e1 to
                  | 0.32-a0-685-g93135e86f0
  6691 | Lair:1   | Noticed a komodo dragon
  6705 | Lair:1   | Killed a cane toad
  6707 | Lair:1   | Killed a komodo dragon
  6707 | Lair:1   | Reached * piety under Okawaru
  6708 | Lair:1   | Reached XP level 10. HP: 37/68 MP: 10/10
  6715 | Lair:1   | Killed a cane toad
  6840 | Lair:1   | Noticed a cane toad
  6851 | Lair:1   | Killed a cane toad
  7380 | Lair:1   | Noticed an elephant
  7385 | Lair:1   | Noticed an elephant
  7386 | Lair:1   | Noticed an elephant
  7441 | Lair:1   | Noticed an elephant
  7441 | Lair:1   | Noticed an elephant
  7441 | Lair:1   | Noticed an elephant
  7465 | Lair:2   | Noticed a five-headed hydra
  7522 | Lair:2   | Reached skill level 1 in Invocations
  7524 | Lair:2   | Reached ** piety under Okawaru
  7528 | Lair:2   | Reached skill level 12 in Ranged Weapons
  7659 | Lair:2   | Reached skill level 5 in Translocations
  7756 | Lair:2   | Found a hole to the Spider Nest.
  7801 | Lair:2   | Reached *** piety under Okawaru
  7858 | Lair:2   | Found a staircase to the Swamp.
  7908 | Lair:2   | Reached XP level 11. HP: 73/73 MP: 12/14
  7984 | Lair:2   | Reached **** piety under Okawaru
  7986 | Lair:2   | Reached skill level 5 in Invocations
  8062 | Lair:2   | Killed a five-headed hydra
  8838 | Lair:1   | Reached ***** piety under Okawaru
  9016 | Lair:2   | Reached skill level 13 in Ranged Weapons
  9386 | Lair:1   | Reached XP level 12. HP: 20/80 MP: 17/17
  9932 | Lair:1   | Noticed a death yak
 10347 | Lair:3   | Reached skill level 1 in Armour
 10428 | Lair:3   | Noticed Urug
 10435 | Lair:3   | Killed Urug
 10455 | Lair:3   | Noticed Amaemon
 10458 | Lair:3   | Killed Amaemon
 10459 | Lair:3   | Received a gift from Okawaru
 10600 | Lair:3   | Reached skill level 14 in Ranged Weapons
 11289 | Lair:4   | Noticed a four-headed hydra
 11294 | Lair:4   | Killed a four-headed hydra
 11416 | Lair:4   | Identified the +5 ring mail of Lumoac {rPois rF++ Str+3
                  | Dex-5}
 11438 | Lair:4   | Noticed a skyshark
 11452 | Lair:4   | Killed a skyshark
 11490 | Lair:4   | Found a viscous altar of Jiyva.
 11609 | Lair:4   | Noticed a five-headed hydra
 11614 | Lair:4   | Killed a five-headed hydra
 11922 | Lair:4   | Noticed a six-headed hydra
 11930 | Lair:4   | Killed a six-headed hydra
 11959 | Lair:4   | Reached skill level 5 in Fighting
 11959 | Lair:4   | Found a staircase to the Slime Pits.
 11968 | Lair:4   | Reached XP level 13. HP: 91/91 MP: 19/19
 11970 | Lair:4   | Identified the +0 ring mail of the Equator {Str-5 Slay+5}
 12443 | Lair:5   | Entered Level 5 of the Lair of Beasts
 12463 | Lair:4   | Reached skill level 5 in Dodging
 12784 | Lair:4   | Received a gift from Okawaru
 12906 | Lair:4   | HP: 4/93 [poisoned by a black mamba]
 13283 | Lair:5   | Reached skill level 5 in Armour
 13432 | Lair:4   | Slain by a wyvern

Illustrated notes

Levels and vault maps discovered:
D:1:      co_arrival_hexagon_in_a_hexagon, layout_basic
D:2:      layout_basic, serial_shops, shop, uniq_crazy_yiuf_cottage,
          uniq_sigmund
D:3:      layout_loops_ring, minmay_cut_off, uniq_grinder
D:4:      layout_cave_pools, serial_glass, glass_columns_b, glass_columns_b
D:5:      layout_loops_ring, grunt_temple_overflow_holy_war,
          lemuel_doored_altar, serial_shops, nicolae_shop_window_shopping
D:6:      layout_rooms, nicolae_qazlal_general_emergency, gup_sewer_entry_glass,
          minmay_liquid_box, uniq_eustachio
D:7:      layout_cave_pools, minitemple,
          chequers_temple_overflow_statue_of_worship,
          minmay_temple_entry_drinking_statues, nicolae_water_bricks
D:8:      layout_loops_corners, dpeg_oklobed_lair
Temple:   dpeg_chambers_temple
Lair:1:   layout_hall_layers, minivault_24,
          hellmonk_guarded_unrand_seven_league_boots
Lair:2:   layout_hall_layers, swamp_mist, spider_nest_entry_a,
          serial_bayou_shore_a
Lair:3:   layout_chaotic_city, kilobyte_rumbling_trees, uniq_amaemon, uniq_urug
Lair:4:   layout_hall_layers, minmay_slime_entry_oklob_open, lemuel_old_faithful
Lair:5:   minmay_lair_end_frog_pond, layout_gridlike, fungi_pond_lemuel

Skill      XL: |  1  2  3  4  5  6  7  8  9 10 11 12 13 |
---------------+----------------------------------------+-----
Dodging        | 2 4 5 |  5.8
Ranged Weapons | 4 5 6 7 8 10 11 12 13 14 | 14.7
Evocations     | 2 5 7 8 |  8.0
Translocations | 3 5 6 |  6.0
Invocations    | 4 7 8 |  8.0
Armour         | 3 5 |  5.2
Fighting       | 5 6 |  6.4
Stealth        | |  0.7

Action                     |  1- 3 |  4- 6 |  7- 9 | 10-12 | 13-15 || total
---------------------------+-------+-------+-------+-------+-------++-------
   Fire: Sling             |   110 |   132 |   766 |   988 |   212 ||  2208
 Invoke: Heroism           |       |       |       |     6 |     1 ||     7
         Finesse           |       |       |       |     4 |       ||     4
  Evoke: Wand              |       |       |     7 |    13 |     6 ||    26
         Lightning rod     |       |       |       |     4 |     4 ||     8
    Use: Scroll            |       |       |       |    22 |     5 ||    27
         Potion            |       |       |       |    10 |     2 ||    12
 Armour: Leather armour    |     3 |     9 |    37 |    36 |       ||    85
         Robe              |       |     4 |    40 |       |       ||    44
         Ring mail         |       |       |       |    89 |    76 ||   165
  Dodge: Dodged            |     3 |    11 |    77 |    89 |    57 ||   237

Table legend: (Time is in decaauts)
 A = Elapsed time spent in this place.
 B = Non-inter-level travel time spent in this place.
 C = Inter-level travel time spent in this place.
 D = Time resting spent in this place.
 E = Time spent auto-exploring this place.
 F = Levels seen in this place.
 G = Mean time per level.
                   A        B        C        D        E       F      G
               +--------+--------+--------+--------+--------+-----+--------+
         Total |  13376 |  12826 |    550 |   3627 |   6016 |  15 |  891.7 |
       Dungeon |   6941 |   6646 |    295 |   1277 |   4153 |   8 |  867.6 |
        Temple |     45 |      4 |     41 |      0 |      0 |   1 |   45.0 |
          Lair |   5993 |   5780 |    213 |   2250 |   1744 |   5 | 1198.6 |
         Sewer |    396 |    396 |      0 |    100 |    119 |   1 |  396.0 |
               +--------+--------+--------+--------+--------+-----+--------+

Top non-repeatable levels by time:
  Lair:4: 1920 daAuts
     D:8: 1698 daAuts
  Lair:1: 1387 daAuts
  Lair:3: 1251 daAuts
  Lair:2: 1223 daAuts
     D:7: 968 daAuts
     D:3: 872 daAuts
     D:5: 821 daAuts
     D:2: 749 daAuts
     D:1: 704 daAuts
     D:6: 620 daAuts
     D:4: 504 daAuts
   Sewer: 396 daAuts
  Lair:5: 211 daAuts
  Temple: 45 daAuts
